 Dungeon Crawl Stone Soup version 0.14-a0-1653-g0ad7a2c (webtiles) character file.

169 CrazyArbalest the Cudgeler (level 4, 0/49 HPs)
             Began as an Ogre Berserker on Dec 28, 2013.
             Was a Believer of Trog.
             Slain by an orc priest
             ... wielding a -1,+1 orcish morningstar
              (2 damage)
             ... on Level 3 of the Dungeon.
             The game lasted 00:08:41 (2540 turns).

CrazyArbalest the Cudgeler (Ogre Berserker)         Turns: 2540, Time: 00:08:41

HP   0/49        AC  3     Str 22      XL: 4   Next: 73%
MP   4/4         EV 10     Int  7      God: Trog [**....]
Gold 69          SH  0     Dex  9      Spells:  0 memorised,  3 levels left

rFire  . . .     SeeInvis .     a - +0 mace
rCold  . . .     Clarity  .     b - +0 animal skin
rNeg   . . .     Conserve .     (shield restricted)
rPois  .         rCorr    .     (helmet restricted)
rElec  .         rRot     .     (no cloak)
SustAb . .       Spirit   .     (gloves unavailable)
rMut   .         Warding  .     (boots unavailable)
Saprov + . .     Stasis   .     (no amulet)
                                (no ring)
                                (no ring)

@: slightly resistant to hostile enchantments, unstealthy
A: unfitting armour, fast metabolism 1, saprovore 1, tough skin 1
a: Burn Spellbooks, Berserk, Trog's Hand, Renounce Religion


You were on level 3 of the Dungeon.
You worshipped Trog.
Trog was pleased with you.
You were hungry.

You visited 1 branch of the dungeon, and saw 3 of its levels.

You collected 69 gold pieces.

Inventory:

Hand weapons
 a - a +0,+0 mace (weapon)
Armour
 b - a +0 animal skin (worn)
Magical devices
 u - a wand of polymorph (10)
Comestibles
 c - 3 meat rations
 m - 2 bread rations
Scrolls
 d - a scroll of random uselessness {unknown}
 e - a scroll of teleportation {unknown}
 g - 5 scrolls of identify {unknown}
 l - 2 scrolls of curse armour {unknown}
 n - a scroll of magic mapping {unknown}
 o - a scroll of enchant armour {unknown}
 s - a scroll of curse jewellery {unknown}
Jewellery
 h - an uncursed ring of ice {unknown}
Potions
 j - a potion of flight {unknown}
 k - a potion of speed {unknown}
 q - a potion of invisibility {unknown}
 r - 2 potions of restore abilities {unknown}
 t - a potion of agility {unknown}


   Skills:
 + Level 4.6 Fighting
 + Level 5.0 Maces & Flails
 + Level 4.1 Dodging
 + Level 0.3 Stealth


You had 3 spell levels left.
You didn't know any spells.

Dungeon Overview and Level Annotations

Branches:
Dungeon (3/16)

Altars:


Innate Abilities, Weirdness & Mutations

You are too large for most types of armour.
You have a fast metabolism.
You can tolerate rotten meat.
You have tough skin (AC +1).


Message History

The puff of flame hits you!
Your scroll labeled WIEHEGIOMU catches fire!
Your scroll labeled WEUCAI PLEO catches fire!
Your scroll labeled KAAQEAKLEG catches fire!
The orc priest glows brightly for a moment.
The orc wizard hits you with an orcish dagger.
The orc priest glows brightly for a moment.
The orc priest mumbles some strange prayers to Beogh against you.
Something smites you! It hits you.
* * * LOW HITPOINT WARNING * * *
It freezes you.
* * * LOW HITPOINT WARNING * * *
The orc priest barely misses you.
The orc wizard gestures wildly while chanting.
The orc wizard flickers and vanishes!
The orc priest hits you with an orcish morningstar!
* * * LOW HITPOINT WARNING * * *
It hits you but does no damage.
The orc priest hits you with an orcish morningstar.
You die...

........... #.#.#.......#
.[......... ..#.#.#####.####
.........####.#.#.# #......#
...........#.#.###.#.##.#
............#)#..).......#
.............#....<###.####
.......................######
............o................
.............@................
.........#############........
###..........# #........
#....o....?# #........
#.....o....# #........
#.......o..# ##.######
.'..........# #.# #..........#
#.# ........... #+#


You could see an orc priest.

Vanquished Creatures
  Terence (D:3)
  2 adders (D:2)
  A giant mite (D:2)
  A worm (D:2)
  3 orcs
  8 bats
  9 hobgoblins
  An ooze (D:2)
  2 giant cockroaches (D:1)
  4 giant geckos
  5 goblins
  7 kobolds
  6 rats
50 creatures vanquished.

Notes
Turn   | Place    | Note
--------------------------------------------------------------
     0 | D:1      | CrazyArbalest, the Ogre Berserker, began the quest for the Orb.
     0 | D:1      | Reached XP level 1. HP: 24/24 MP: 1/1
   147 | D:1      | Reached XP level 2. HP: 13/32 MP: 2/2
   291 | D:1      | Acquired Trog's second power
   549 | D:1      | Reached XP level 3. HP: 14/39 MP: 3/3
  1552 | D:2      | Reached XP level 4. HP: 45/49 MP: 4/4
  2097 | D:2      | Reached skill level 5 in Maces & Flails
  2341 | D:3      | Noticed Terence
  2394 | D:3      | Killed Terence
  2539 | D:3      | HP: 2/49 [orc priest/orcish morningstar (9)]
  2540 | D:3      | Slain by an orc priest

Action                   |  1- 3 |  4- 6 || total
-------------------------+-------+-------++-------
Melee: Mace              |   131 |    45 ||   176
Invok: Berserk           |       |     1 ||     1
Evoke: Wand              |       |     1 ||     1
